Map: Arctic Dream LE

Players

Massa

  • Race: Terran Terran
  • League: Platinum
  • Spawn Location: 6:00

qqq

  • Race: Zerg Zerg
  • Spawn Location: 5:00

SuicideSheep

  • Race: Terran Terran
  • League: Diamond
  • Spawn Location: 11:00

SlayerSBoxeR

  • Race: Terran Terran
  • League: Master
  • Spawn Location: 12:00

VOD

Have the link to the VOD?

Description

Time

  • Played on: March 21, 2021, 3:52 p.m.
  • Length: 11:56
Show
View Real Time Build Order
Export as new Build Order

Massa Terran 

Build Orders: Mech 

Get SALT Encoding   

  12  0:00  SCV  
  13  0:12  SCV  
  14  0:18  Supply Depot  
  14  0:24  SCV  
  15  0:40  SCV  
  15  0:41  Barracks  
  16  0:45  Refinery  
  16  0:52  SCV  
  17  0:57  Refinery  
  17  1:04  SCV  
  18  1:12  Supply Depot  
  18  1:16  SCV  
  19  1:29  SCV  
  20  1:33  Barracks  
  20  1:36  Barracks Reactor  
  20  1:41  SCV  
  21  1:53  Orbital Command  
  21  2:12  Reaper x2  
  23  2:19  SCV  
  23  2:21  Reaper  
  25  2:32  Command Center  
  25  2:44  Reaper x2  
  25  2:50  Supply Depot  
  27  2:54  Reaper  
  28  3:11  SCV  
  29  3:16  Reaper x2  
  31  3:23  SCV  
  32  3:31  Command Center  
  32  3:32  Reaper  
  33  3:35  SCV  
  35  3:48  Reaper x2  
  30  4:19  Reaper  
  30  4:20  SCV, Reaper x2  
  30  4:21  Orbital Command  
  34  4:31  Factory  
  34  4:32  SCV  
  34  4:34  Engineering Bay  
  35  4:44  SCV  
  36  4:51  Reaper  
  36  4:52  Reaper  
  38  4:53  Reaper  
  31  5:42  Barracks Tech Lab  
  31  5:43  SCV  
  31  5:44  SCV x2  
  31  5:47  Factory Tech Lab  
  34  5:55  SCV  
  34  5:56  SCV x2  
  37  5:57  Factory  
  37  5:58  Factory  
  37  5:59  Starport  
  37  6:01  Engineering Bay  
  37  6:05  Refinery  
  37  6:07  Refinery, Stimpack  
  37  6:08  SCV x3  
  37  6:09  Marine  
  37  6:10  Marine x2  
  43  6:23  Barracks  
  43  6:25  Barracks  
  43  6:26  SCV x3  
  43  6:27  Marine x3  
  43  6:28  Barracks  
  49  6:38  SCV x3  
  49  6:39  Starport Reactor  
  55  6:40  Siege Tank  
  55  6:41  Factory Reactor  
  55  6:43  Factory Tech Lab  
  55  6:45  Marine x3  
  55  6:50  SCV x2  
  55  6:51  SCV  
  55  6:52  Terran Infantry Weapons Level 1  
  58  7:02  Marine  
  58  7:03  Marine x2  
  61  7:10  Siege Tank  
  61  7:13  Barracks Tech Lab  
  64  7:16  Barracks Reactor  
  64  7:20  Terran Infantry Armor Level 1, Marine  
  65  7:31  Missile Turret  
  65  7:32  SCV x2, Missile Turret  
  67  7:42  Missile Turret  
  67  7:43  Marauder  
  67  7:44  Missile Turret  
  69  7:46  Orbital Command  
  69  7:47  Combat Shield  
  69  7:54  Supply Depot x2  
  69  7:55  Supply Depot  
  69  7:56  Supply Depot x2  
  69  7:58  Supply Depot  
  69  8:00  Supply Depot  
  69  8:09  Armory  
  69  8:15  Marine x2  
  69  8:16  Widow Mine x2, SCV x2, Marauder x2, Marine x2, Medivac  
  85  8:21  Siege Tank  
  85  8:23  Barracks Tech Lab  
  88  8:28  SCV  
  88  8:33  Marine x2  
  91  8:38  Marauder x2, Viking  
  97  8:44  Starport  
  97  8:46  Viking  
  99  8:55  SCV x3  
  102  9:01  Concussive Shells  
  102  9:04  Widow Mine x2  
  102  9:05  Terran Infantry Weapons Level 2  
  102  9:07  SCV x3  
  109  9:19  SCV x2  
  109  9:22  Siege Tank  
  109  9:23  Widow Mine  
  109  9:24  SCV  
  117  9:25  Widow Mine  
  117  9:27  Refinery  
  117  9:28  Refinery  
  117  9:31  SCV x2  
  120  9:36  SCV  
  122  9:43  SCV, Sensor Tower  
  122  9:44  SCV  
  124  9:46  Sensor Tower  
  123  10:17  Command Center  
  123  10:22  Starport Tech Lab  
  123  10:25  Medivac  
  123  10:27  Command Center  
  125  10:31  Supply Depot  
  125  10:33  Supply Depot x2  
  125  10:34  Supply Depot x3  
  125  10:35  Supply Depot  
  125  10:43  Medivac  
  125  10:56  Supply Depot  
  103  11:00  Marauder x3, Marine x3  
  103  11:01  Marine  
  106  11:07  Siege Tank x2  
  106  11:08  Widow Mine x2  
  114  11:13  Viking  
  114  11:18  Marine x3  
  108  11:19  Marine  
  108  11:21  Marauder x3  
  111  11:29  Widow Mine  
  111  11:30  Widow Mine  
  113  11:36  Marine  
Show
View Real Time Build Order
Export as new Build Order

qqq Zerg 

Build Orders: Hatch First, Swarm Host 

Get SALT Encoding   

  12  0:00  Drone  
  13  0:19  Drone, Overlord  
  14  0:44  Hatchery  
  14  0:47  Drone  
  14  0:52  Drone  
  15  1:11  Spawning Pool  
  15  1:12  Extractor  
  13  1:25  Drone  
  13  1:26  Drone x2  
  15  1:37  Drone  
  16  1:48  Drone  
  17  2:06  Drone  
  17  2:07  Extractor, Queen  
  21  2:09  Drone  
  21  2:14  Lair  
  20  2:16  Drone  
  20  2:17  Drone  
  22  2:34  Baneling Nest  
  19  2:55  Drone x3  
  19  2:56  Drone x2  
  24  3:04  Drone  
  21  3:18  Drone x2  
  23  3:36  Zergling x6  
  23  3:37  Zergling x2  
  23  3:39  Pneumatized Carapace  
  27  3:45  Zergling x2  
  28  3:49  Centrifical Hooks  
  28  4:02  Overlord x2  
  28  4:11  Overlord  
  28  4:18  Baneling x3  
  28  4:19  Baneling  
  28  4:23  Drone  
  29  4:32  Baneling x2  
  29  4:35  Baneling  
  29  4:36  Zergling x4  
  32  4:38  Drone  
  29  5:15  Zergling x8  
  29  5:17  Drone x2  
  35  5:25  Infestation Pit  
  32  5:38  Baneling x9  
  32  5:39  Baneling  
  32  5:40  Drone x4  
  36  5:45  Queen  
  38  5:54  Metabolic Boost  
  38  6:00  Drone, Overlord  
  38  6:02  Zergling x2  
  38  6:03  Zergling x2  
  41  6:17  Overlord x2  
  41  6:20  Overlord  
  42  6:47  Drone x6  
  42  6:48  Drone x3  
  50  6:58  Queen  
  50  7:00  Queen  
  54  7:03  Extractor, Zergling x4  
  55  7:19  Zergling x6  
  55  7:20  Zergling x2  
  55  7:22  Drone x2  
  61  7:29  Drone  
  62  7:30  Zergling x4  
  62  7:34  Overlord  
  64  7:37  Hatchery  
  64  7:42  Extractor  
  58  8:00  Hydralisk Den  
  58  8:01  Drone x4  
  58  8:02  Drone x2  
  58  8:05  Baneling x2  
  62  8:06  Baneling x3  
  62  8:07  Baneling  
  62  8:13  Evolution Chamber  
  62  8:16  Evolution Chamber  
  62  8:17  Hatchery  
  59  8:21  Drone  
  59  8:22  Drone x2  
  62  8:31  Overseer  
  63  8:34  Zergling x10  
  63  8:35  Zergling x2  
  68  8:42  Overlord x3  
  68  8:53  Hydralisk x3  
  74  9:00  Lurker Den  
  73  9:15  Swarm Host x2  
  73  9:16  Swarm Host x3  
  73  9:17  Swarm Host  
  91  9:28  Baneling  
  91  9:29  Baneling x13  
  91  9:35  Overlord  
  91  9:36  Overlord  
  91  9:37  Overlord  
  91  9:55  Drone x3, Queen  
  96  10:00  Swarm Host  
  96  10:01  Swarm Host x2  
  105  10:31  Swarm Host x2  
  105  10:32  Swarm Host  
  105  10:34  Drone x6  
  111  10:52  Zergling x4  
  111  10:53  Zergling x10  
  101  11:12  Swarm Host x2  
  101  11:13  Hydralisk  
  101  11:14  Overlord  
  101  11:15  Overlord x5  
Show
View Real Time Build Order
Export as new Build Order

SuicideSheep Terran 

Build Orders:  

Get SALT Encoding   

  12  0:00  SCV  
  13  0:22  SCV, Supply Depot  
  14  0:34  SCV  
  15  0:46  SCV  
  15  0:49  Barracks  
  16  0:58  SCV  
  17  1:16  SCV  
  18  1:34  Barracks  
  18  1:35  SCV  
  18  1:36  Command Center  
  19  1:46  Marine  
  20  1:48  Orbital Command  
  20  2:02  Refinery  
  20  2:04  Refinery, Marine  
  21  2:14  SCV  
  22  2:17  Engineering Bay  
  22  2:20  Marine  
  23  2:39  Barracks  
  23  2:47  Marine x2  
  23  2:48  SCV, Engineering Bay  
  26  2:57  Terran Infantry Weapons Level 1  
  26  3:00  SCV  
  27  3:07  Marine x2  
  29  3:12  Orbital Command  
  29  3:15  SCV  
  30  3:22  Terran Infantry Armor Level 1  
  30  3:27  Barracks Tech Lab, SCV  
  30  3:31  Barracks Reactor  
  31  3:39  SCV x2  
  31  3:40  Barracks Tech Lab  
  33  3:44  Supply Depot  
  33  3:49  Marauder  
  33  3:52  SCV  
  33  3:53  SCV  
  37  4:04  SCV  
  37  4:05  Marine  
  39  4:10  Marine  
  40  4:19  Marine  
  40  4:20  Marine  
  40  4:21  SCV  
  40  4:23  SCV, Marine  
  45  4:24  Factory  
  45  4:27  Marine  
  46  4:35  Supply Depot x2  
  46  4:40  Supply Depot  
  46  4:42  Supply Depot  
  46  4:46  Refinery, SCV x2, Marine  
  46  4:47  Refinery  
  46  4:48  Stimpack  
  49  4:53  Marine  
  49  4:54  Marine x2  
  52  5:13  Marauder, Concussive Shells  
  54  5:15  Marine x3  
  54  5:16  Factory Tech Lab  
  57  5:22  SCV x2  
  59  5:32  Marine  
  59  5:33  Marine x3  
  59  5:34  SCV  
  59  5:46  SCV  
  60  5:50  Marine x2  
  60  5:51  Command Center  
  60  5:53  SCV  
  63  5:58  SCV  
  63  6:01  Siege Tank  
  63  6:02  Marine  
  63  6:03  Marine  
  69  6:08  Marine x2  
  69  6:10  Armory  
  71  6:12  SCV  
  71  6:13  SCV  
  73  6:24  SCV  
  74  6:26  Command Center  
  74  6:33  Marine x2  
  74  6:34  Marine x2  
  74  6:36  Siege Tank  
  81  6:43  SCV x2  
  83  6:51  Marine  
  84  6:55  SCV  
  84  6:56  Marine  
  86  7:02  Marine x2  
  86  7:03  SCV, Supply Depot x2  
  86  7:04  Supply Depot  
  86  7:05  Supply Depot  
  86  7:08  Siege Tank  
  92  7:12  Starport  
  92  7:17  Marine x2  
  92  7:20  Terran Infantry Armor Level 2, Marine x2  
  96  7:25  Orbital Command  
  96  7:29  Terran Infantry Weapons Level 2  
  96  7:38  Orbital Command  
  96  7:43  Supply Depot  
  96  7:52  Marine x3  
  96  7:53  Marine  
  96  7:54  Siege Tank  
  96  7:55  Medivac  
  105  8:09  SCV  
  105  8:10  SCV, Marine x4  
  111  8:13  Orbital Command  
  111  8:26  Refinery  
  113  8:27  Siege Tank  
  113  8:28  Refinery, Marine x3  
  113  8:30  Starport Reactor  
  113  8:32  Starport  
  117  8:35  Starport  
  117  8:42  Marine  
  117  8:44  SCV  
  117  8:46  SCV x3, Marine x2  
  124  8:56  SCV  
  124  8:58  Marine  
  124  9:00  Marine  
  124  9:01  Siege Tank  
  130  9:03  SCV x2  
  130  9:04  SCV  
  133  9:20  Marine x4  
  133  9:23  Starport Reactor, Medivac x2  
  141  9:24  Starport Tech Lab  
  141  9:37  Marine  
  142  9:39  Command Center x2  
  142  9:44  SCV  
  143  9:49  Marine x2  
  145  9:55  Medivac  
  145  9:56  Medivac  
  145  9:57  Medivac  
  145  9:59  Refinery  
  85  10:00  Medivac x2  
  151  10:02  Refinery  
  151  10:03  SCV  
  94  11:05  Marine x2  
  94  11:06  Marine x2  
  93  11:23  SCV, Marine x3  
  93  11:24  Marine  
  97  11:29  SCV x2  
Show
View Real Time Build Order
Export as new Build Order

SlayerSBoxeR Terran 

Build Orders: Reaper Expand, Mech 

Get SALT Encoding   

  12  0:00  SCV  
  13  0:12  SCV  
  14  0:17  Supply Depot  
  14  0:24  SCV  
  15  0:39  SCV  
  15  0:40  Barracks  
  16  0:45  Refinery  
  16  0:51  SCV  
  17  1:03  SCV  
  18  1:15  SCV  
  19  1:31  Reaper, Orbital Command  
  20  1:42  Command Center  
  20  1:55  Supply Depot  
  20  1:57  SCV  
  21  2:02  Marine  
  22  2:09  SCV  
  22  2:12  Factory  
  23  2:20  Refinery  
  23  2:21  SCV  
  24  2:25  Barracks Reactor  
  24  2:33  SCV  
  25  2:45  SCV  
  26  2:57  SCV  
  27  3:02  Orbital Command  
  27  3:09  SCV  
  27  3:20  Marine x2  
  27  3:21  SCV, Hellion  
  27  3:25  Starport  
  32  3:30  SCV  
  32  3:32  Supply Depot  
  32  3:34  SCV  
  34  3:38  Marine x2  
  36  3:42  Factory Tech Lab, SCV  
  36  3:46  SCV  
  38  3:55  SCV  
  36  3:58  SCV  
  36  4:00  Marine x2  
  36  4:01  Cyclone  
  40  4:07  SCV  
  41  4:10  SCV  
  41  4:19  SCV  
  41  4:22  SCV  
  43  4:28  Command Center  
  43  4:31  SCV  
  44  4:34  SCV  
  44  4:37  Refinery, Factory  
  44  4:38  Refinery, Factory  
  45  4:40  Starport Tech Lab  
  45  4:43  SCV  
  46  4:46  SCV, Siege Tank  
  46  4:51  Supply Depot  
  50  4:54  Supply Depot  
  50  4:55  SCV  
  50  4:58  SCV  
  50  5:07  SCV  
  50  5:10  SCV  
  49  5:19  SCV  
  49  5:22  SCV  
  49  5:23  Hellion x2, Siege Tank  
  57  5:31  SCV  
  57  5:35  SCV  
  59  5:36  Starport Reactor  
  59  5:41  Siege Tank  
  62  5:43  SCV  
  62  5:47  SCV  
  64  5:54  Orbital Command  
  64  5:56  SCV  
  65  5:57  Supply Depot  
  65  5:59  SCV, Siege Tank  
  65  6:00  Engineering Bay  
  65  6:01  Hellion x2  
  73  6:06  Armory  
  73  6:08  SCV  
  73  6:10  Armory  
  73  6:11  SCV  
  75  6:13  Orbital Command  
  75  6:19  Viking x2  
  75  6:20  SCV  
  75  6:23  SCV  
  81  6:32  SCV  
  82  6:33  Infernal Pre-Igniter  
  82  6:34  Hellion  
  82  6:35  SCV, Hellion, Siege Tank  
  82  6:39  Missile Turret  
  90  6:42  SCV  
  90  6:44  SCV  
  90  6:45  Supply Depot  
  92  6:47  SCV  
  92  6:50  Supply Depot  
  92  6:52  Supply Depot  
  93  6:57  Terran Vehicle Weapons Level 1  
  93  7:01  Refinery  
  93  7:02  Refinery  
  93  7:06  Terran Vehicle And Ship Armor Level 1, Viking x2  
  93  7:07  SCV x3  
  100  7:14  Supply Depot  
  100  7:15  Supply Depot  
  100  7:19  SCV x3  
  103  7:23  Siege Tank  
  103  7:24  Hellion x2  
  110  7:31  SCV x3, Hellion x6  
  110  7:36  Supply Depot  
  110  7:37  Supply Depot  
  113  7:40  Viking x2  
  113  7:43  SCV x3  
  120  7:45  Siege Tank  
  108  7:55  SCV x3  
  105  8:07  SCV x3  
  108  8:18  Siege Tank  
  108  8:19  SCV x3, Hellion x2  
  121  8:20  Siege Tank  
  121  8:31  SCV x3, Missile Turret  
  124  8:39  Factory x2  
  124  8:40  Hellion  
  124  8:41  Hellion  
  128  8:42  Viking x2  
  128  8:43  SCV x3  
  135  8:51  Missile Turret  
  135  8:52  Sensor Tower  
  135  8:55  SCV x3  
  135  8:56  Supply Depot  
  135  8:57  Supply Depot  
  135  8:58  Siege Tank  
  135  9:00  Hellion  
  143  9:05  Terran Vehicle Weapons Level 2  
  143  9:08  SCV x3  
  146  9:12  Missile Turret  
  146  9:20  SCV  
  147  9:28  SCV, Command Center  
  147  9:30  SCV  
  149  9:32  Factory Tech Lab, Sensor Tower  
  149  9:33  Factory Reactor  
  149  9:34  Siege Tank x2  
  149  9:35  Missile Turret  
  149  9:36  Missile Turret  
  155  9:43  SCV  
  155  9:44  SCV  
  158  9:45  SCV  
  158  9:53  Missile Turret  
  158  9:55  Missile Turret x2, Siege Tank  
  161  10:02  Supply Depot  
  161  10:03  Supply Depot  
  161  10:06  Siege Tank  
  164  10:23  Siege Tank  
  164  10:24  Hellion, Supply Depot  
  164  10:25  Supply Depot  
  164  10:26  Supply Depot  
  164  10:27  Siege Tank  
  172  10:29  Supply Depot  
  172  10:31  Orbital Command  
  172  10:33  SCV  
  173  10:38  Siege Tank  
  164  10:56  SCV, Siege Tank  
  164  10:59  Siege Tank  
  173  11:04  Hellion x3  
  173  11:10  Siege Tank  
  176  11:15  Command Center  
  173  11:19  Hellion  
  173  11:29  Hellion  
Tags
 
Add a new tag
Caveats
  • Supply blocks, unpowered buildings, or Contaminate may cause inaccurate times.
  • Supply counts are checked every 10 seconds.